 Dungeon Crawl Stone Soup version 0.31-a0-175-g9f7f995f2b (webtiles) character file.

Game seed: 16934613500160983910

143 qw the Chopper (level 5, -8/32 HPs)
             Began as a Gargoyle Fighter on June 17, 2023.
             Mangled by an ogre
             ... wielding a +0 giant club
              (23 damage)
             ... on level 4 of the Dungeon.
             The game lasted 00:01:02 (2759 turns).

qw the Chopper (Gargoyle Fighter)                   Turns: 2759, Time: 00:01:02

Health: -8/32      AC: 16    Str: 22    XL:     5   Next: 25%
Magic:  5/5        EV:  9    Int:  6    God:
Gold:   226        SH:  6    Dex:  9    Spells: 4/4 levels left

rFire   . . .        Y - +1 war axe
rCold   . . .        m - +2 buckler {AC+3}
rNeg    + . .        b - +0 scale mail
rPois   inf          k - +0 helmet
rElec   +            a - scarf of Bawumi {shadows, rElec Will+}
rCorr   .            f - +0 pair of gloves
SInv    .            (no boots)
Will    +....        h - amulet of regeneration Stlth
                     (no ring)
HPRegen 1.05/turn    (no ring)
MPRegen 0.09/turn

%: no passive effects
@: no status effects
A: sickness immunity, AC +4, negative energy resistance 1, electricity
resistance, torment resistance 1, petrification resistance, dopey 1, sense
surroundings 1
a: no special abilities


You were on level 4 of the Dungeon.
You visited 1 branch of the dungeon, and saw 4 of its levels.

You collected 226 gold pieces.


Innate Abilities, Weirdness & Mutations

You are immune to sickness and miasma.
Your stone body is resilient. (AC +4)
You are immune to poison.
You resist negative energy. (rN+)
You are resistant to electric shocks. (rElec)
You are resistant to unholy torment.
You are immune to petrification.
You are dopey. (Int -2)
You passively map a small area around you.


   Skills:
 - Level 3.2 Fighting
 + Level 4.8 Axes
 - Level 3.2 Armour
 - Level 3.2 Shields


You had 4 spell levels left.
You didn't know any spells.
Your spell library was empty.

Inventory:

Hand Weapons
 c - a +0 flail
 Y - a +1 war axe (weapon)
Missiles
 n - 2 boomerangs (quivered)
Armour
 a - the scarf of Bawumi (worn) {shadows, rElec Will+}
   (You acquired it on level 1 of the Dungeon)

   rElec:     It insulates you from electricity.
   Will:      It increases your willpower.
 b - a +0 scale mail (worn)
 f - a +0 pair of gloves (worn)
 k - a +0 helmet (worn)
 m - a +2 buckler of protection (worn)
Jewellery
 h - an amulet of regeneration (around neck)
Scrolls
 j - 2 scrolls of identify
 l - a scroll of teleportation
Potions
 d - a potion of might
 g - a potion of mutation
 i - a potion of curing
 o - a potion of ambrosia {unknown}
 p - a potion of haste {unknown}

Dungeon Overview and Level Annotations

Branches:
Dungeon (4/15)
 Temple: D:4-7

Altars:

Annotations:
D:4 Natasha


Message History

The giant cockroach barely misses you.
The cerulean imp hits you but does no damage.
The ogre hits you with a +0 giant club.
The cerulean imp hits you but does no damage.
Natasha drinks a potion.
Natasha is healed!
The jackal bites you but does no damage.
The cerulean imp hits you but does no damage.
You block the giant cockroach's attack.
The cerulean imp hits you but does no damage.
You hit the ogre but do no damage.
The ogre is heavily wounded.
You slash Natasha! You hit the jackal. You closely miss the giant cockroach.
The jackal closely misses you.
The cerulean imp hits you but does no damage.
Natasha claws you. The ogre hits you with a +0 giant club!
The giant cockroach barely misses you.
The cerulean imp hits you but does no damage. x2
The jackal barely misses you. You block the cerulean imp's attack.
You hit the ogre.
The ogre is severely wounded.
You hit Natasha. You miss the jackal. You hit the giant cockroach.
You kill the giant cockroach!
Natasha casts a spell at you. The magic dart hits you.
The jackal closely misses you. The cerulean imp closely misses you.
You block the cerulean imp's attack. The ogre barely misses you.
The cerulean imp hits you but does no damage.
Natasha claws you but does no damage.
You slash the ogre!
The ogre is almost dead.
You hit the goblin.
You kill the goblin!
You closely miss Natasha. You miss the jackal. You barely miss the jackal.
The jackal bites you but does no damage.
The cerulean imp barely misses you. You block the jackal's attack.
The cerulean imp misses you. The cerulean imp completely misses you.
The jackal closely misses you. Natasha claws you but does no damage.
The ogre hits you with a +0 giant club!!
Ouch! That really hurt!
You die...

#.........# #....?..#.#
** , , #
#.......#.#####. , #
#...............* * ###
#.......#.###### , ,
..###.......#.######
#....%......#......##..
*
#######.........)h)....
#..###....@h5.... ..##
#....hO5.... * .##
#......5.... * , **
#........... * . * *
#........... ...,
,...<......... #...
.......>..... , * ####
, , * # ,* * * *


You could see an ogre, Natasha, 3 cerulean imps and 2 jackals.

Vanquished Creatures
  A hound (D:4)
  Jessica (D:2)
  An adder (D:2)
  3 worms
  A dart slug (D:3)
  6 orcs (D:3)
  6 endoplasms
  3 giant cockroaches
  3 goblins
  5 hobgoblins
  7 jackals (D:3)
  A quokka (D:2)
  4 ball pythons
  3 bats
  4 frilled lizards
  5 kobolds
  5 rats
59 creatures vanquished.

Notes
Turn   | Place    | Note
-------+----------+-------------------------------------------
     0 | D:1      | qw the Gargoyle Fighter began the quest for the Orb.
     0 | D:1      | Reached XP level 1. HP: 14/14 MP: 1/1
     0 | D:1      | 0 ||| qw: Version: 0.3-a-2-g5ab2908
     0 | D:1      | 0 ||| qw: Game counter: 229
     0 | D:1      | 0 ||| qw: Always use a shield: true
     0 | D:1      | 0 ||| qw: God list: Okawaru
     0 | D:1      | 0 ||| qw: Allow faded altars: false
     0 | D:1      | 0 ||| qw: Do Orc after D:15 true
     0 | D:1      | 0 ||| qw: Do second Lair branch before Depths: true
     0 | D:1      | 0 ||| qw: Lair rune preference: random
     0 | D:1      | 0 ||| qw: Plans: Normal, Zot:1-4, Slime:5, God:TSO, Crypt,
                  | Tomb, Abyss, Pan, Hells, Win
     0 | D:1      | 0 ||| PLANNING D:1-11
    44 | D:1      | Reached skill level 2 in Axes
    66 | D:1      | 66 ||| Stepping ~*~*~tactically~*~*~ (hiding).
    67 | D:1      | 67 ||| Stepping ~*~*~tactically~*~*~ (hiding).
   261 | D:1      | Reached XP level 2. HP: 19/19 MP: 2/2
   369 | D:1      | 369 ||| Stepping ~*~*~tactically~*~*~ (stealth).
   953 | D:1      | 953 ||| UPGRADING to +0 pair of gloves.
   958 | D:1      | 958 ||| UPGRADING to +2 buckler of protection.
   968 | D:1      | 968 ||| DROPPING +0 buckler.
   969 | D:1      | 969 ||| READING scroll labelled PETREZ HOAN.
   970 | D:1      | 970 ||| READING scroll labelled ZAKHUO UJUX.
   975 | D:1      | 975 ||| READING scroll labelled ASYDAARRAHER.
   976 | D:1      | 976 ||| READING 2 scrolls labelled ETOKOGHASU.
   977 | D:1      | 977 ||| READING scroll labelled EJAYCL YMEDD.
   977 | D:1      | Identified a scroll of acquirement
   977 | D:1      | 977 ||| ACQUIRING scarf of Bawumi {shadows, rElec Will+}
   977 | D:1      | Acquired the scarf of Bawumi {shadows, rElec Will+}
   979 | D:1      | 979 ||| UPGRADING to scarf of Bawumi {shadows, rElec
                  | Will+}.
   984 | D:1      | 984 ||| READING 3 scrolls labelled ZEAJU GACHUYPLY.
   985 | D:1      | 985 ||| DROPPING 2 scrolls of fog.
  1046 | D:2      | Reached skill level 3 in Axes
  1046 | D:2      | Reached XP level 3. HP: 20/23 MP: 3/3
  1150 | D:2      | Noticed Jessica
  1156 | D:2      | Killed Jessica
  1208 | D:2      | Reached XP level 4. HP: 25/28 MP: 4/4
  1522 | D:2      | Reached skill level 4 in Axes
  1821 | D:2      | 1821 ||| UPGRADING to +0 helmet.
  1826 | D:2      | 1826 ||| READING scroll labelled APNAPTYAKU.
  1827 | D:2      | 1827 ||| DRINKING 2 metallic red potions.
  1827 | D:2      | Gained mutation: You are dopey. (Int -2) [potion of
                  | mutation]
  1827 | D:2      | Gained mutation: You passively map a small area around you.
                  | [potion of mutation]
  1903 | D:3      | 1903 ||| DROPPING +0 whip.
  2023 | D:3      | Found a faded altar of an unknown god.
  2034 | D:3      | 2034 ||| Stepping ~*~*~tactically~*~*~ (stealth).
  2140 | D:3      | 2140 ||| Stepping ~*~*~tactically~*~*~ (stealth).
  2659 | D:3      | 2659 ||| UPGRADING to amulet of regeneration.
  2664 | D:3      | 2664 ||| READING 3 scrolls of identify.
  2664 | D:3      | 2664 ||| IDENTIFYING gluggy blue potion
  2665 | D:3      | 2665 ||| READING 2 scrolls of identify.
  2665 | D:3      | 2665 ||| IDENTIFYING bubbling green potion
  2666 | D:3      | 2666 ||| DROPPING potion of degeneration.
  2732 | D:4      | Reached XP level 5. HP: 32/32 MP: 5/5
  2749 | D:4      | Noticed Natasha
  2750 | D:4      | Noticed an ogre
  2759 | D:4      | Mangled by an ogre

Levels and vault maps discovered:
D:1:      dpeg_chamrin_arrival_tetris, layout_basic
D:2:      layout_loops_ring, eino_curves_04, uniq_jessica
D:3:      layout_basic, chequers_ecumenical_altar_simple
D:4:      layout_rooms, minmay_temple_entry_poolview,
          nicolae_shop_i_like_big_books, minivault_23, uniq_edmund, uniq_natasha

Skill      XL: |  1  2  3  4 |
---------------+-------------+-----
Axes           | 2 3 4 |  4.8
Fighting       | |  3.2
Armour         | |  3.2
Shields        | |  3.2

Action                     |  1- 3 |  4- 6 || total
---------------------------+-------+-------++-------
  Melee: War axe           |    53 |    78 ||   131
  Throw: Boomerang         |       |    15 ||    15
    Use: Scroll            |     6 |     3 ||     9
         Potion            |       |     1 ||     1
 Armour: Scale mail        |    16 |    48 ||    64
  Dodge: Dodged            |    17 |    45 ||    62
  Block: Buckler           |    16 |    22 ||    38

Table legend:
 A = Non-vault XP
 B = Vault XP
 C = Vault XP percentage of total XP
 D = Non-vault monster count
 E = Vault monster count
 F = Vault count percentage of total count
                 A         B        C        D         E       F
            +---------+---------+-------+---------+---------+-------
      Total |     170 |      37 |  17.9 |      58 |       1 |   1.7
            +---------+---------+-------+---------+---------+-------
        D:1 |      21 |       0 |   0.0 |      15 |       0 |   0.0
        D:2 |      48 |      37 |  43.5 |      19 |       1 |   5.0
        D:3 |      50 |       0 |   0.0 |      20 |       0 |   0.0
        D:4 |      51 |       0 |   0.0 |       4 |       0 |   0.0
            +---------+---------+-------+---------+---------+-------
